 Dungeon Crawl Stone Soup version 0.31-a0-1008-g5b978dac0e (webtiles) character file.

Game seed: 5893915574401618320

(classic levelgen) 72 Amnesiac the Magician (level 4, 0/46 HPs)
             Began as a Djinni Conjurer on Nov 12, 2023.
             Slain by a hound (3 damage)
             ... on level 4 of the Dungeon.
             The game lasted 00:01:58 (645 turns).

Amnesiac the Magician (Djinni Conjurer)              Turns: 645, Time: 00:01:58

Health: 0/46       AC: 22    Str:  6    XL:     4   Next: 50%
Gold:   24         EV:  2    Int: 22    God:
                   SH:  0    Dex: 11

rFire   . . .        (no weapon)
rCold   . . .        (no shield)
rNeg    . . .        a - melded +0 robe
rPois   ∞            (helmet currently unavailable)
rElec   .            (cloak currently unavailable)
rCorr   .            (gloves currently unavailable)
SInv    .            (boots unavailable)
Will    .....        (no amulet)
Stlth   ++           (no ring)
HPRegen 0.27/turn    (no ring)
MPRegen 0.00/turn

%: infuse magic (-1 HP)
@: tree-form
A: stationary, stasis, torment immunity, boosted hp, sickness immunity, (fire
resistance 2), (cold vulnerability 1), float, innate caster, HP casting, extra
vitality 1
a: no special abilities


You were on level 4 of the Dungeon.
You were a tree.
You visited 1 branch of the dungeon, and saw 4 of its levels.

You collected 24 gold pieces.

Inventory:

Armour
 a - a +0 robe (melded)
Jewellery
 h - a +4 ring of slaying
Scrolls
 b - a scroll of poison {!r, unknown}
 d - a scroll of blinking {!r, unknown}
 i - 2 scrolls of identify {!r, unknown}
Potions
 c - a potion of might {!q, unknown}
 e - a potion of brilliance {!q, unknown}
 f - 2 potions of lignification {!q}
 g - a potion of attraction {!q, unknown}


   Skills:
 - Level 2.1 Dodging
 - Level 1.5 Stealth
 + Level 4.5 Spellcasting
 + Level 4.5 Conjurations
 + Level 4.5 Hexes
   Level 0.0 Charms
 + Level 4.5 Summonings
 + Level 4.5 Necromancy
 + Level 4.5 Translocations
 + Level 4.5 Transmutations
 + Level 4.5 Fire Magic
 + Level 4.5 Ice Magic
 + Level 4.5 Air Magic
 + Level 4.5 Earth Magic
 + Level 4.5 Poison Magic


You knew the following spells:

 Your Spells              Type           Power      Damage    Failure   Level
a - Magic Dart            Conj           96%        1d7       1%          1
b - Iskenderun's Mystic   Conj/Tloc      24%        2d7       16%         4
c - Fulminant Prism       Conj/Hex       12%        3d8       16%         4
d - Dazzling Flash        Conj/Hex       48%        N/A       4%          3
e - Searing Ray           Conj           48%        2d6       2%          2
f - Kiss of Death         Conj/Necr      96%        2d12      1%          1
Your spell library was empty.

Dungeon Overview and Level Annotations

Branches:
Dungeon (4/15)
 Temple: D:4-7

Altars:
The Shining One

Shops:
D:1 ?([:

Annotations:
D:3 exclusion: downstairs


Innate Abilities, Weirdness & Mutations

You are a tree.
Your roots penetrate the ground, keeping you stationary.
You cannot be teleported.
You are immune to unholy pain and torment.
Your maximum health is greatly increased.
Your equipment is partially melded.
You are immune to sickness and miasma.
You are immune to poison.
((Your flesh is very heat resistant. (rF++)))
((You are vulnerable to cold. (rC-)))
You float through the air rather than walking.
You learn spells naturally, not from books.
Your magical power is your life essence.
You have superior vitality. (+4 MHP)


Message History

Confirm with . or Enter, or press ? or * to list all spells.
You can't see any susceptible monsters within range! (Use Z to cast anyway.)
Casting: Searing Ray (safe; 2% risk of failure)
Confirm with . or Enter, or press ? or * to list all spells.
Aiming: Searing Ray (safe; 2% risk of failure)
Press: ? - help, Shift-Dir - straight line, f - iguana
Aim: an iguana (asleep, 100% to hit)
The searing ray hits the iguana.
The iguana is moderately wounded.
The iguana hisses angrily. (Press . to maintain the ray.)
The searing ray hits the iguana.
The iguana is heavily wounded.
A hound comes into view.
The searing ray hits the iguana.
The iguana is almost dead.
The hound barks!
The searing ray misses the iguana.
You finish channelling your searing ray.
The iguana bites you!
Casting: Searing Ray (safe; 2% risk of failure)
Confirm with . or Enter, or press ? or * to list all spells.
Aiming: Searing Ray (safe; 2% risk of failure)
Press: ? - help, Shift-Dir - straight line, f/p - iguana
Aim: an iguana (almost dead, 81% to hit)
The searing ray hits the iguana.
The iguana is almost dead. (Press . to maintain the ray.)
The iguana bites you.
* * * LOW HITPOINT WARNING * * *
The searing ray hits the iguana.
The iguana is almost dead.
* * * LOW HITPOINT WARNING * * *
The iguana bites you.
* * * LOW HITPOINT WARNING * * *
The searing ray hits the iguana but does no damage.
The iguana is almost dead.
* * * LOW HITPOINT WARNING * * *
The iguana barely misses you. The hound bites you.
* * * LOW HITPOINT WARNING * * *
The searing ray hits the iguana.
You kill the iguana!
* * * LOW HITPOINT WARNING * * *
You finish channelling your searing ray.
The hound bites you.
* * * LOW HITPOINT WARNING * * *
The hound bites you.
* * * LOW HITPOINT WARNING * * *
Casting: Searing Ray (safe; 2% risk of failure)
Confirm with . or Enter, or press ? or * to list all spells.
Aiming: Searing Ray (safe; 2% risk of failure)
Press: ? - help, Shift-Dir - straight line, f - hound
Aim: a hound (71% to hit)
The searing ray hits the hound.
The hound is lightly wounded. (Press . to maintain the ray.)
* * * LOW HITPOINT WARNING * * *
The hound bites you.
* * * LOW HITPOINT WARNING * * *
Without enough magic to sustain it, your searing ray dissipates.
The hound closely misses you. x2
It was a potion of lignification {!q}.
You turn into a tree.
Your roots penetrate the ground.
The hound bites you.
You die...

### ##.## ##...#
#....## ##
...#.##
#..###..#..##
#...†♣......#
.......h.....##
..##.#.#....##
.. ###...<.# ...
#.........# ..
..............#
.
..............#
.........##.....
.........# .#...


You could see a hound.

Vanquished Creatures
  An iguana (D:4)
  2 adders
  A worm (D:2)
  3 ball pythons (D:1)
  3 bats (D:2)
  An endoplasm (D:1)
  3 goblins
  4 hobgoblins
  A frilled lizard (D:2)
  2 kobolds
  8 rats
29 creatures vanquished.

Notes
Turn   | Place    | Note
-------+----------+-------------------------------------------
     0 | D:1      | Amnesiac the Djinni Conjurer began the quest for the Orb.
     0 | D:1      | Amnesiac set off with the following spells memorised: Magic
                  | Dart, Searing Ray, Dazzling Flash, Fulminant Prism,
                  | Iskenderun's Mystic Blast.
     0 | D:1      | Reached XP level 1. HP: 15/15 MP: 0/0
    21 | D:1      | Reached XP level 2. HP: 7/21 MP: 0/0
   267 | D:2      | Reached XP level 3. HP: 21/25 MP: 0/0
   267 | D:2      | Learned a level 1 spell: Kiss of Death
   357 | D:1      | Found Sot Vime's Armour Boutique.
   357 | D:1      | Found Xeschu Duruti's Magic Scroll Shop.
   378 | D:1      | Found Cowepa's Book Shoppe.
   383 | D:1      | Found Xafergh's Antique Weapon Shop.
   455 | D:2      | Found a glowing golden altar of the Shining One.
   482 | D:3      | Reached XP level 4. HP: 11/31 MP: 0/0
   643 | D:4      | HP: 1/31 [hound (2)]
   645 | D:4      | Slain by a hound

Illustrated notes

Levels and vault maps discovered:
D:1:      dpeg_arrival_ratfight, layout_basic, serial_shops, nicolae_shop_trees,
          nicolae_diamond_shop, shop, nicolae_shop_crystal,
          nicolae_shop_tiny_glass, grunt_decor_arrowhead
D:2:      layout_loops_corners, basic_altar,
          hellmonk_ecumenical_altar_defaced_shrine
D:3:      layout_loops_corners
D:4:      layout_cave_pools, nicolae_vehumet_radiance, uniq_pikel

Skill      XL: |  1  2 |
---------------+-------+-----
Spellcasting   | 4 |  4.5
Conjurations   | 4 |  4.5
Hexes          | 4 |  4.5
Summonings     | 4 |  4.5
Necromancy     | 4 |  4.5
Translocations | 4 |  4.5
Transmutations | 4 |  4.5
Fire Magic     | 4 |  4.5
Ice Magic      | 4 |  4.5
Air Magic      | 4 |  4.5
Earth Magic    | 4 |  4.5
Poison Magic   | 4 |  4.5
Dodging        | |  2.1
Stealth        | |  1.5

Action                     |  1- 3 |  4- 6 || total
---------------------------+-------+-------++-------
   Cast: Magic Dart        |    38 |       ||    38
         Searing Ray       |     6 |     3 ||     9
    Use: Potion            |       |     1 ||     1
 Armour: Robe              |     4 |     7 ||    11
         Skin              |       |     1 ||     1
  Dodge: Dodged            |     3 |     3 ||     6

Table legend: (Time is in decaauts)
 A = Elapsed time spent in this place.
 B = Non-inter-level travel time spent in this place.
 C = Inter-level travel time spent in this place.
 D = Time resting spent in this place.
 E = Time spent auto-exploring this place.
 F = Levels seen in this place.
 G = Mean time per level.
                   A        B        C        D        E       F      G
               +--------+--------+--------+--------+--------+-----+--------+
         Total |    646 |    608 |     38 |      0 |    393 |   4 |  161.5 |
       Dungeon |    646 |    608 |     38 |      0 |    393 |   4 |  161.5 |
               +--------+--------+--------+--------+--------+-----+--------+

Top non-repeatable levels by time:
     D:2: 353 daAuts
     D:1: 138 daAuts
     D:3: 136 daAuts
     D:4: 17 daAuts
